 Dungeon Crawl Stone Soup version 0.29.1-1-gd02db6906a (webtiles) character file.

Game seed: 15148518271204629498

56 Earthwalker the Covered (level 3, -5/33 HPs)
             Began as a Minotaur Fighter on Oct 15, 2022.
             Killed from afar by Sigmund (8 damage)
             ... with a bolt of dispelling energy
             ... on level 2 of the Dungeon.
             The game lasted 00:02:20 (987 turns).

Earthwalker the Covered (Minotaur Fighter)           Turns: 987, Time: 00:02:21

Health: -5/33      AC: 11    Str: 22    XL:     3   Next: 71%
Magic:  2/2        EV:  6    Int:  5    God:
Gold:   34         SH:  4    Dex:  9    Spells: 2/2 levels left

rFire   . . .      SeeInvis .   a - +0 trident
rCold   . . .      Faith    .   c - +0 buckler
rNeg    . . .      Spirit   .   l - +0 plate armour
rPois   .          Reflect  .   (helmet restricted)
rElec   .          Harm     .   (no cloak)
rCorr   .          Rampage  .   (no gloves)
Will    .....                   (no boots)
Stlth   ..........              (no amulet)
HPRegen 0.11/turn               (no ring)
MPRegen 0.08/turn               (no ring)

@: no status effects
A: horns 2, retaliatory headbutt
a: no special abilities


You were on level 2 of the Dungeon.
You visited 1 branch of the dungeon, and saw 2 of its levels.

You collected 34 gold pieces.

Inventory:

Hand Weapons
 a - a +0 trident (weapon)
Armour
 b - a +0 scale mail
 c - a +0 buckler (worn)
 l - a +0 plate armour (worn)
Jewellery
 k - a ring of ice
Scrolls
 f - 2 scrolls of teleportation {unknown}
 g - a scroll of magic mapping {unknown}
 h - a scroll of enchant weapon {unknown}
 i - a scroll of amnesia {unknown}
 m - a scroll of poison {unknown}
Potions
 d - a potion of might
 e - a potion of haste {unknown}
 j - 2 potions of cancellation {unknown}
 n - a potion of brilliance {unknown}


   Skills:
 * Level 4.0 Fighting
 * Level 3.1 Polearms
 * Level 4.1 Armour
 * Level 1.4 Dodging
 * Level 4.1 Shields


You had 2 spell levels left.
You didn't know any spells.
Your spell library was empty.

Dungeon Overview and Level Annotations

Branches:
Dungeon (2/15)

Altars:

Annotations:
D:2 Sigmund


Innate Abilities, Weirdness & Mutations

You have a pair of horns on your head.
You reflexively headbutt those who attack you in melee.


Message History

You see here a +0 scale mail.
A rat comes into view.
You completely miss the rat. You headbutt the rat.
You kill the rat!
You open the door.
Sigmund the Dreaded comes into view.
He is wielding a +0 scythe and carrying a wand of quicksilver (11).
Sigmund zaps a wand.
The bolt of dispelling energy hits you.
No target in view!
You see here a +0 scale mail.
You reach to attack!
You completely miss Sigmund.
Sigmund hits you from afar with a +0 scythe!
You closely miss Sigmund. Sigmund closely misses you.
You closely miss Sigmund. Your headbutt misses Sigmund.
Sigmund points at you and mumbles some strange words.
The puff of flame hits you.
You hit Sigmund. Your headbutt misses Sigmund.
Sigmund is lightly wounded.
Sigmund zaps a wand.
The bolt of dispelling energy hits you! Sigmund hits you with a +0 scythe.
You closely miss Sigmund.
Sigmund is lightly wounded.
You puncture Sigmund! Your headbutt misses Sigmund.
Sigmund is moderately wounded.
Sigmund points at you and mumbles some strange words.
You are confused.
Sigmund hits you but does no damage.
You barely miss Sigmund.
Sigmund is moderately wounded.
You barely miss Sigmund. Your headbutt misses Sigmund.
Sigmund is moderately wounded.
Sigmund hits you with a +0 scythe.
You bump into the rock wall.
Sigmund zaps a wand.
The bolt of dispelling energy hits you!
Your magical effects are unravelling.
* * * LOW HITPOINT WARNING * * *
You barely miss Sigmund.
Sigmund is moderately wounded.
You feel less confused.
Sigmund zaps a wand.
The bolt of dispelling energy hits you!
You die...

#.# #.# #.# #.# #.#
#.# #.#
#@#################
#.@................
###################


You could see Sigmund.

Vanquished Creatures
  An adder (D:2)
  A dart slug (D:1)
  5 ball pythons
  4 bats (D:1)
  5 endoplasms
  4 goblins (D:1)
  5 hobgoblins
  6 kobolds
  2 quokkas (D:1)
  4 frilled lizards
  5 rats
42 creatures vanquished.

Notes
Turn   | Place    | Note
-------+----------+-------------------------------------------
     0 | D:1      | Earthwalker the Minotaur Fighter began the quest for the
                  | Orb.
     0 | D:1      | Reached XP level 1. HP: 19/19 MP: 0/0
   133 | D:1      | Reached XP level 2. HP: 27/27 MP: 1/1
   162 | D:1      | Reached skill level 1 in Dodging
   296 | D:1      | Reached XP level 3. HP: 33/33 MP: 2/2
   545 | D:1      | Found a faded altar of an unknown god.
   939 | D:2      | Noticed Sigmund
   987 | D:2      | Killed from afar by Sigmund

Illustrated notes

Levels and vault maps discovered:
D:1:      scummos_arrival_checkerplants, layout_rooms,
          shapermc_ecumenical_altar_petra
D:2:      layout_basic, uniq_sigmund

Skill      XL: |  1  2  3 |
---------------+----------+-----
Dodging        | 1 |  1.4
Armour         | 4 |  4.1
Shields        | 4 |  4.1
Fighting       | 4 |  4.0
Polearms       | 3 |  3.1

Action                   || total
-------------------------++-------
Melee: Trident           ||    99
       Headbutt          ||     7
Armor: Scale mail        ||    16
       Plate armour      ||     5
Dodge: Dodged            ||    32
Block: Buckler           ||    10
